 Dungeon Crawl Stone Soup version 0.19.5 (webtiles) character file.

21 vatarom the Gusty (level 2, -3/15 HPs)
             Began as a Tengu Air Elementalist on Mar 9, 2017.
             Slain by a kobold (4 damage)
             ... on level 1 of the Dungeon.
             The game lasted 00:02:44 (1313 turns).

vatarom the Gusty (Tengu Air Elementalist)          Turns: 1313, Time: 00:02:45

Health: -3/15      AC:  2    Str:  8    XL:     2   Next: 87%
Magic:  2/6        EV: 12    Int: 15    God:
Gold:   31         SH:  0    Dex: 14    Spells: 3 memorised, 0 levels left

rFire  . . .     SeeInvis .     (no weapon)
rCold  . . .     Gourm    .     a - +0 robe
rNeg   . . .     Faith    .     (no shield)
rPois  .         Spirit   .     (helmet restricted)
rElec  .         Reflect  .     (no cloak)
rCorr  .         Harm     .     (no gloves)
MR     .....                    (boots unavailable)
Stlth  ++........               (no amulet)
                                (no ring)
                                (no ring)

@: no status effects
A: beak, talons 3
a: no special abilities


You were on level 1 of the Dungeon.
You were not hungry.

You visited 1 branch of the dungeon, and saw 1 of its levels.

You collected 31 gold pieces.

Inventory:

Armour
 a - a +0 robe (worn)
Scrolls
 e - a scroll of amnesia
 f - a scroll of remove curse
Potions
 g - a potion of cure mutation {unknown}
Books
 b - a book of Air

   Spells                             Type                      Level
   a - Shock                          Conjuration/Air              1
   b - Swiftness                      Charms/Air                   2
   c - Repel Missiles                 Charms/Air                   2
   d - Static Discharge               Conjuration/Air              3
   e - Lightning Bolt                 Conjuration/Air              5
Comestibles
 c - a bread ration


   Skills:
 - Level 2.1 Dodging
 - Level 2.0 Stealth
 - Level 2.0 Spellcasting
 - Level 1.3 Conjurations
 + Level 5.3 Air Magic


You couldn't memorise any spells.
You knew the following spells:

 Your Spells              Type           Power        Failure   Level  Hunger
a - Shock                 Conj/Air       ##..         8%          1    #......
b - Repel Missiles        Chrm/Air       #.....       12%         2    ###....
c - Swiftness             Chrm/Air       #.......     12%         2    ###....


Dungeon Overview and Level Annotations

Branches:
Dungeon (1/15)

Altars:


Innate Abilities, Weirdness & Mutations

You have a beak for a mouth.
You have claws for feet.


Message History

* * * LOW HITPOINT WARNING * * *
Casting: Shock
Confirm with . or Enter, or press ? or * to list all spells.
Aiming: Shock
Press: ? - help, Shift-Dir - straight line The zap hits something. x2; The bat barely misses you.
Something hits you but does no damage.
Casting: Shock
Confirm with . or Enter, or press ? or * to list all spells.
Aiming: Shock
Press: ? - help, Shift-Dir - straight line The zap hits something.
The bat barely misses you. Something barely misses you.
Casting: Shock
Confirm with . or Enter, or press ? or * to list all spells.
Aiming: Shock
Press: ? - help, Shift-Dir - straight line The zap hits something.
The bat hits you but does no damage. The bat hits you.
* * * LOW HITPOINT WARNING * * *
Something hits you.
You die...

###..#..##.#.#.##.#
.....#.###.#.#.##.###############
###[.......#'#.#.................
# #.......>....##################
#................# ..........##
#..............#.#.######....##
#....###.#.###.#.#........#....
#..(.....#.# #b#.########.#.###
##.#..##.#.# #@#.#.....)..#.# ##
#.......#.# #{#.#.######.#.# ..
####..#.#.# #.#.#.# #.#.#
..######.#.#.# ..#.#.# #.#.#
...........#.# ### #.# #.#.#
...........#.. #.# #.#.#
...........# #.######.#.#
.........#># .#. #..........#
.........### .... ########.###


You could see a bat.

Vanquished Creatures
  A dart slug (D:1)
  A leopard gecko (D:1)
  A bat (D:1)
  3 giant cockroaches (D:1)
  5 hobgoblins (D:1)
  2 kobolds (D:1)
  A frilled lizard (D:1)
  2 rats (D:1)
16 creatures vanquished.

Notes
Turn   | Place    | Note
-------+----------+-------------------------------------------
     0 | D:1      | vatarom the Tengu Air Elementalist began the quest for the Orb.
     0 | D:1      | Reached XP level 1. HP: 10/10 MP: 4/4
   432 | D:1      | Reached XP level 2. HP: 15/15 MP: 4/6
   460 | D:1      | Learned a level 2 spell: Repel Missiles
   463 | D:1      | Learned a level 2 spell: Swiftness
   516 | D:1      | Reached skill level 5 in Air Magic
  1313 | D:1      | Slain by a kobold

Skill      XL: |  1  2 |
---------------+-------+-----
Air Magic      | 5 |  5.3
Dodging        | |  2.1
Stealth        | |  2.0
Spellcasting   | |  2.0
Conjurations   | |  1.3

Action                   || total
-------------------------++-------
Melee: Unarmed           ||    53
       Kick              ||    15
       Peck              ||     7
 Cast: Shock             ||    25
  Use: Scroll            ||     2
 Stab: Sleeping          ||     1
  Eat: Chunk             ||     2
Armor: Robe              ||    12
Dodge: Dodged            ||    39
